 Dungeon Crawl Stone Soup version 0.31-a0-217-g58bb5d79cf (webtiles) character file.

Game seed: 528969876948374691

153 qw the Shooter (level 5, 0/41 HPs)
             Began as a Minotaur Hexslinger on July 2, 2023.
             Succumbed to a scorpion's poison
             ... on level 4 of the Dungeon.
             The game lasted 00:00:36 (1267 turns).

qw the Shooter (Minotaur Hexslinger)                Turns: 1267, Time: 00:00:37

Health: 0/41       AC:  2    Str: 13    XL:     5   Next: 12%
Magic:  5/5        EV: 12    Int: 10    God:
Gold:   15         SH:  0    Dex: 14    Spells: 5/6 levels left

rFire   . . .        a - +1 sling
rCold   . . .        (no shield)
rNeg    . . .        c - +0 robe
rPois   .            (helmet restricted)
rElec   .            (no cloak)
rCorr   .            (no gloves)
SInv    .            (no boots)
Will    .....        (no amulet)
Stlth   +            (no ring)
HPRegen 0.26/turn    (no ring)
MPRegen 0.09/turn

%: no passive effects
@: lethally poisoned (0 -> -4)
A: horns 2, retaliatory headbutt
a: no special abilities


You were on level 4 of the Dungeon.
You visited 1 branch of the dungeon, and saw 3 of its levels.

You collected 15 gold pieces.


Innate Abilities, Weirdness & Mutations

You have a pair of horns on your head.
You reflexively headbutt those who attack you in melee.


   Skills:
 + Level 2.2 Fighting
 - Level 5.6 Ranged Weapons
 - Level 2.1 Dodging
 - Level 1.0 Spellcasting
 - Level 2.0 Hexes


You had 5 spell levels left.
You knew the following spells:

 Your Spells              Type           Power      Damage    Failure   Level
a - Slow                  Hex            16%        N/A       16%         1

Your spell library contained the following spells:

 Spells                   Type           Power      Damage    Failure   Level
 Inner Flame              Hex/Fire       2%         N/A       56%         3
 Portal Projectile        Hex/Tloc       4%         N/A       56%         3
 Cause Fear               Hex            2%         N/A       83%         4

Inventory:

Hand Weapons
 a - a +1 sling (weapon)
Armour
 c - a +0 robe (worn)
 f - a +0 pair of boots
 g - a +1 robe
Potions
 b - a potion of heal wounds {unknown}
 d - a potion of invisibility {unknown}

Dungeon Overview and Level Annotations

Branches:
Dungeon (2/15)

Altars:


Message History

1251 ||| DRINKING potion of curing.
You feel better.
1251 ||| (to cure poison)
You start resting.
A scorpion comes into view.
You shoot a sling bullet.
The sling bullet hits the scorpion but does no damage.
You shoot a sling bullet. The sling bullet hits the scorpion.
The scorpion is lightly wounded.
You shoot a sling bullet.
The sling bullet closely misses the scorpion.
You shoot a sling bullet.
The sling bullet hits the scorpion but does no damage.
The scorpion is lightly wounded.
You shoot a sling bullet.
The sling bullet hits the scorpion but does no damage.
The scorpion is lightly wounded.
The scorpion closely misses you.
You shoot a sling bullet. The sling bullet hits the scorpion.
The scorpion is lightly wounded.
The scorpion closely misses you.
You shoot a sling bullet.
The sling bullet closely misses the scorpion.
The scorpion stings you!
You are lethally poisoned!
The scorpion poisons you!
You shoot a sling bullet.
The sling bullet barely misses the scorpion.
You feel very sick.
The scorpion stings you but does no damage. x2
You shoot a sling bullet.
The sling bullet hits the scorpion but does no damage.
The scorpion is lightly wounded.
You feel sick. The scorpion closely misses you. You furiously retaliate!
You headbutt the scorpion! You shoot a sling bullet.
The sling bullet hits the scorpion.
The scorpion is almost dead.
You feel sick. The scorpion stings you.
You shoot a sling bullet. The sling bullet hits the scorpion.
You kill the scorpion!
You die...

...............
................
#...............
#.............
#...........[
#..........7
.......%%..+
#.......@..7
#..........7
#..........7
#..........+
#..........7
#............
#.............
#..............
#..............


There were no monsters in sight!

Vanquished Creatures
  2 scorpions (D:4)
  Jessica (D:2)
  A gnoll (D:1)
  An adder (D:2)
  3 worms (D:2)
  2 dart slugs
  5 endoplasms
  3 goblins (D:1)
  4 hobgoblins (D:1)
  3 quokkas
  A ball python (D:1)
  5 bats
  4 frilled lizards (D:1)
  3 kobolds
  2 rats
40 creatures vanquished.

Notes
Turn   | Place    | Note
-------+----------+-------------------------------------------
     0 | D:1      | qw the Minotaur Hexslinger began the quest for the Orb.
     0 | D:1      | Reached XP level 1. HP: 16/16 MP: 1/1
     0 | D:1      | 0 ||| qw: Version: 0.3-a-40-ge99b1a8
     0 | D:1      | 0 ||| qw: Game counter: 68
     0 | D:1      | 0 ||| qw: Melee chars always use a shield: true
     0 | D:1      | 0 ||| qw: God list: Okawaru
     0 | D:1      | 0 ||| qw: Allow faded altars: false
     0 | D:1      | 0 ||| qw: Do Orc after clearing Dungeon:15 true
     0 | D:1      | 0 ||| qw: Do second Lair branch before Depths: true
     0 | D:1      | 0 ||| qw: Lair rune preference: random
     0 | D:1      | 0 ||| qw: Goals: Normal
     0 | D:1      | 0 ||| PLANNING D:1-11
    47 | D:1      | 47 ||| FLEEEEING.
   125 | D:1      | Found a faded altar of an unknown god.
   135 | D:1      | Reached skill level 3 in Ranged Weapons
   135 | D:1      | Reached XP level 2. HP: 23/23 MP: 2/2
   419 | D:1      | Reached XP level 3. HP: 29/29 MP: 3/3
   713 | D:1      | 713 ||| DRINKING 2 bubbling inky potions.
   714 | D:1      | 714 ||| DROPPING scroll of poison.
   855 | D:2      | Reached skill level 4 in Ranged Weapons
   934 | D:2      | 934 ||| FLEEEEING.
   938 | D:2      | 938 ||| FLEEEEING.
   939 | D:2      | 939 ||| FLEEEEING.
   940 | D:2      | 940 ||| FLEEEEING.
   941 | D:2      | 941 ||| FLEEEEING.
   963 | D:2      | 963 ||| FLEEEEING.
  1027 | D:2      | Noticed Jessica
  1037 | D:2      | Killed Jessica
  1038 | D:2      | Reached XP level 4. HP: 33/36 MP: 4/4
  1237 | D:2      | You fall into a shaft and drop 2 floors!
  1238 | D:4      | Noticed a scorpion
  1248 | D:4      | HP: 9/36 [scorpion (2)]
  1250 | D:4      | HP: 3/36 [poisoned by a scorpion]
  1250 | D:4      | Killed a scorpion
  1251 | D:4      | Reached skill level 5 in Ranged Weapons
  1251 | D:4      | Reached XP level 5. HP: 3/41 MP: 5/5
  1251 | D:4      | 1251 ||| DRINKING potion of curing.
  1251 | D:4      | 1251 ||| (to cure poison)
  1263 | D:4      | HP: 9/41 [scorpion (7)]
  1266 | D:4      | HP: 3/41 [poisoned by a scorpion]
  1266 | D:4      | HP: 1/41 [scorpion (2)]
  1267 | D:4      | Succumbed to a scorpion's poison

Levels and vault maps discovered:
D:1:      matt_arrival_los_fun, layout_basic, hellmonk_ecumenical_altar_blasted,
          chequers_serial_rivers_micro_c, corexii_hall_statues_x,
          minmay_misc_feat_roman, grunt_decor_one_mirror,
          chequers_serial_rivers_marsh
D:2:      layout_basic, uniq_jessica
D:4:      layout_basic, mainiacjoe_overflow_six_doors_small,
          serial_park_tiny_pond

Skill      XL: |  1  2  3  4 |
---------------+-------------+-----
Ranged Weapons | 3 4 5 |  5.6
Fighting       | 2 |  2.2
Dodging        | |  2.1
Spellcasting   | |  1.0
Hexes          | |  2.0

Action                     |  1- 3 |  4- 6 || total
---------------------------+-------+-------++-------
   Fire: Sling             |   120 |    42 ||   162
    Use: Potion            |     1 |     1 ||     2
 Armour: Robe              |     5 |     3 ||     8
  Dodge: Dodged            |    31 |    11 ||    42

Table legend:
 A = Non-vault XP
 B = Vault XP
 C = Vault XP percentage of total XP
 D = Non-vault monster count
 E = Vault monster count
 F = Vault count percentage of total count
                 A         B        C        D         E       F
            +---------+---------+-------+---------+---------+-------
      Total |     265 |      37 |  12.3 |      39 |       1 |   2.5
            +---------+---------+-------+---------+---------+-------
        D:1 |      55 |       0 |   0.0 |      25 |       0 |   0.0
        D:2 |      44 |      37 |  45.7 |      12 |       1 |   7.7
        D:4 |     166 |       0 |   0.0 |       2 |       0 |   0.0
            +---------+---------+-------+---------+---------+-------
